 Dungeon Crawl Stone Soup version 0.31-a0-1540-g5a0b83f448 (webtiles) character file.

Game seed: 9390007751426988681

73623 octoduck the Thaumaturge (level 15, -7/115 (117) HPs)
             Began as a Gnoll Necromancer on Dec 31, 2023.
             Was the Champion of Kikubaaqudgha.
             Mangled by an orc knight
             ... wielding a +2 war axe
              (13 damage)
             ... while paralysed by an orc sorcerer
             ... on level 2 of the Orcish Mines on Jan 2, 2024.
             The game lasted 01:49:26 (23842 turns).

octoduck the Thaumaturge (Gnoll Necromancer)       Turns: 23842, Time: 01:49:30

HP:   -7/115 (117)  AC: 15    Str:  8    XL:     15   Next: 44%
MP:   3/30          EV:  2    Int: 24    God:    Kikubaaqudgha [******]
Gold: 1824          SH:  0    Dex: 21    Spells: 2/37 levels left

rFire   . . .        l - +5 rapier of Gaolies {flame, rElec rN+}
rCold   . . .        (no shield)
rNeg    + + .        H - +0 steam dragon scales
rPois   +            q - +1 helmet
rElec   +            n - +0 cloak
rCorr   .            N - +0 pair of gloves
SInv    .            M - +1 pair of boots of the Vaults {rN+ Regen+ Str-3 Dex+8}
Will    ++...        S - amulet of magic regeneration
Stlth   +++++        x - ring of willpower
HPRegen 1.19/turn    u - ring "Toumat" {rPois Int+6}
MPRegen 0.62/turn

%: no passive effects
@: paralysed, death channelling, fugue, animating dead, lightly drained
A: fangs 1, strong nose, distributed training
a: Renounce Religion, Unearth Wretches, Torment, Brand Weapon With Pain, Receive
Forbidden Knowledge


You were on level 2 of the Orcish Mines.
You worshipped Kikubaaqudgha.
Kikubaaqudgha was exalted by your worship.
You visited 4 branches of the dungeon, and saw 20 of its levels.
You also visited: Sewer and Ossuary.

You collected 1824 gold pieces.

Inventory:

Hand Weapons
 l - the +5 rapier of Gaolies (weapon) {flame, rElec rN+}
   (You found it on level 2 of the Dungeon)

   rElec:     It insulates you from electricity.
   rN+:       It protects you from negative energy.
 O - a +1 battleaxe of freezing
Missiles
 B - a throwing net
 Q - 6 silver javelins
Armour
 j - a +0 hat of willpower
 n - a +0 cloak (worn)
 q - a +1 helmet (worn)
 H - +0 steam dragon scales (worn)
 M - the +1 pair of boots of the Vaults (worn) {rN+ Regen+ Str-3 Dex+8}
   (You found it on level 10 of the Dungeon)

   Str-3:     It affects your strength (-3).
   Dex+8:     It affects your dexterity (+8).
   rN+:       It protects you from negative energy.
   Regen+:    It increases your rate of health regeneration.
 N - a +0 pair of gloves (worn)
 R - a +2 chain mail of fire resistance
Jewellery
 s - a ring of protection from cold
 u - the ring "Toumat" (right hand) {rPois Int+6}
   (You found it in a sewer)

   [ring of poison resistance]

   Int+6:     It affects your intelligence (+6).
   rPois:     It protects you from poison
 x - a ring of willpower (left hand)
 C - a ring of protection from cold
 K - a ring of willpower
 S - an amulet of magic regeneration (around neck)
 T - a +6 ring of strength
Talismans
 c - a beast talisman
Wands
 f - a wand of polymorph (9)
 E - a wand of acid (13)
 G - a wand of iceblast (13)
 J - a wand of flame (20)
 P - a wand of charming (4)
 V - a wand of mindburst (7)
Scrolls
 a - 3 scrolls of poison
 i - 3 scrolls of vulnerability
 k - a scroll of revelation
 o - 3 scrolls of enchant armour
 p - a scroll of silence
 r - 5 scrolls of fog
 t - 14 scrolls of teleportation
 v - 2 scrolls of enchant weapon
 y - a scroll of fear
 D - 3 scrolls of immolation
 U - a scroll of blinking
Potions
 b - 4 potions of magic
 d - 12 potions of curing
 g - 10 potions of might
 h - a potion of haste {unknown}
 m - 7 potions of enlightenment
 w - 3 potions of lignification
 z - 3 potions of ambrosia
 A - 4 potions of brilliance
 F - 2 potions of cancellation
 I - 5 potions of mutation {unknown}
 L - 2 potions of berserk rage {unknown}
 X - a potion of resistance {unknown}


   Skills:
 + Level 10.4 Fighting
 + Level 10.4 Short Blades
 + Level 10.4 Long Blades
 + Level 10.4 Axes
 + Level 10.4 Maces & Flails
 + Level 10.4 Polearms
 + Level 10.4 Staves
 + Level 10.4 Ranged Weapons
 + Level 10.4 Throwing
 + Level 10.4 Armour
 + Level 11.4 Dodging
 + Level 11.2 Stealth
 + Level 10.4 Shields
 + Level 10.4 Unarmed Combat
 + Level 11.5 Spellcasting
 + Level 8.8 Conjurations
 + Level 8.8 Hexes
 + Level 8.8 Summonings
 + Level 11.3 Necromancy
 + Level 8.8 Translocations
 + Level 8.8 Fire Magic
 + Level 8.8 Ice Magic
 + Level 8.8 Air Magic
 + Level 8.8 Earth Magic
 + Level 8.8 Alchemy
 + Level 11.3 Invocations
 + Level 10.4 Evocations
 + Level 9.6 Shapeshifting


You had 2 spell levels left.
You knew the following spells:

 Your Spells              Type           Power      Damage    Failure   Level
a - Necrotise             Necr           100%       1d9       1%          1
b - Borgnjor's Vile Clut  Necr/Erth      29%        N/A       1%          5
c - Animate Dead          Necr           62%        N/A       1%          4
d - Death Channel         Necr           31%        N/A       7%          6
e - Summon Lightning Spi  Summ/Air       54%        N/A       1%          4
f - Fugue of the Fallen   Necr           62%        N/A       1%          3
g - Anguish               Hex/Necr       29%        N/A       1%          4
h - Martyr's Knell        Necr/Summ      58%        N/A       1%          4
i - Airstrike             Air            27%        2d(4-20)  1%          4

Your spell library contained the following spells:

 Spells                   Type           Power      Damage    Failure   Level
 Apportation              Tloc           100%       N/A       1%          1
 Kiss of Death            Conj/Necr      100%       2d13      1%          1
 Sting                    Conj/Alch      100%       1d9       1%          1
 Summon Small Mammal      Summ           100%       N/A       1%          1
 Cigotuvi's Dreadful Rot  Necr/Alch/Air  100%       N/A       1%          2
 Ensorcelled Hibernation  Hex/Ice        100%       N/A       1%          2
 Jinxbite                 Hex            100%       N/A       1%          2
 Scorch                   Fire           100%       2d9       1%          2
 Static Discharge         Conj/Air       100%       3-8/arc   1%          2
 Gell's Gravitas          Tloc           54%        N/A       1%          3
 Passwall                 Erth           54%        N/A       1%          3
 Swiftness                Air            54%        N/A       1%          3
 Teleport Other           Tloc           54%        N/A       1%          3
 Vampiric Draining        Necr           62%        2d10      1%          3
 Cause Fear               Hex            27%        N/A       1%          4
 Flame Wave               Conj/Fire      54%        2d13      1%          4
 Leda's Liquefaction      Alch/Erth      27%        N/A       1%          4
 Petrify                  Alch/Erth      54%        N/A       1%          4
 Vhi's Electric Charge    Tloc/Air       100%       N/A       1%          4
 Curse of Agony           Necr           62%        N/A       1%          5
 Yara's Violent Unravell  Hex/Alch       27%        3d12      3%          5
 Dispersal                Tloc           27%        N/A       19%         6
 Summon Cactus Giant      Summ           27%        N/A       19%         6
 Enfeeble                 Hex            27%        N/A       71%         7
 Lehudib's Crystal Spear  Conj/Erth      27%        10d7      100%        8


Dungeon Overview and Level Annotations

Branches:
Dungeon (12/15)            Temple (1/1) D:6            Lair (5/5) D:11
 Shoals (0/4) Lair:3        Snake (0/4) Lair:2        Slime (0/5) Lair:5
    Orc (2/2) D:12            Elf (0/3) Orc:2         Sewer (visited)
Ossuary (visited)

Altars:
Ashenzari
Cheibriados
Dithmenos
Elyvilon
Fedhas
Gozag
Hepliaklqana
Kikubaaqudgha
Makhleb
Nemelex Xobeh
Okawaru
Qazlal
Ru
Sif Muna
Trog
Uskayaw
Vehumet
Wu Jian
Xom
Yredelemnul
Zin
The Shining One
Jiyva

Shops:
D:11 (   D:12 [   Orc:2 [

Annotations:
D:9 1 runed translucent door, justen's ghost, novice TrSh
Lair:4 2 transporters, Netol's ghost, journeyman DsEn


Innate Abilities, Weirdness & Mutations

You have very sharp teeth.
Your uncanny sense of smell can sniff out nearby items.
Your experience applies equally to all skills.


Message History

Your spectral orc sorcerer hits the orc knight.
The orc priest calls upon Beogh to heal the orc high priest.
The orc high priest is healed somewhat.
The orc sorcerer gestures at you while chanting.
You suddenly lose the ability to move!
Your orc wizard zombie hits the smoke demon but does no damage.
The orc knight hits you with a +2 war axe!
* * * LOW HITPOINT WARNING * * *
The orc knight hits your orc sorcerer zombie with a +2 war axe!
The orc wizard points at you and mumbles some strange words.
You resist with almost no effort.
Your orc warrior zombie hits the orc knight but does no damage.
Your troll zombie bites the smoke demon.
Your troll zombie claws the smoke demon!
Your troll zombie claws the smoke demon but does no damage.
The chaos spawn barely misses your spectral kobold blastminer.
The smoke demon hits your orc wizard zombie!
Your orc wizard zombie is destroyed!
Your kobold blastminer zombie hits the orc sorcerer but does no damage.
Your orc warrior zombie barely misses the orc wizard.
Your magical contamination has completely faded away.
The orc knight hits your orc warrior zombie with a +1 heavy war axe!!
Your orc warrior zombie is destroyed!
The orc knight hits your orc sorcerer zombie with a +1 heavy war axe!
The orc knight hits you with a +1 heavy war axe!
* * * LOW HITPOINT WARNING * * *
The orc knight hits your spectral orc sorcerer with a +1 heavy war axe!!
Your spectral orc sorcerer is destroyed!
The smoke demon hits your troll zombie. x3
Your orc sorcerer zombie hits the orc knight.
The orc high priest invokes the aid of Beogh against you.
Beogh smites you!
* * * LOW HITPOINT WARNING * * *
The orc wizard hits you but does no damage.
The orc sorcerer points at you and mumbles some strange words.
The bolt of negative energy hits you. You partially resist.
You feel drained.
* * * LOW HITPOINT WARNING * * *
The orc knight hits you with a +2 war axe!
You die...
Kikubaaqudgha rasps: "You have failed me!
Welcome... death!"

Z# ####.......<.................
## ##..##........#...............
# #...Z#......o......)...#....^.
## ##..#.........................
.# #...#.........34..............
.# #...##.#...o.oZ.......))).....
.####.....###...K3.#.....).......
.#.###.....##.ooooZ..............
#...###...#...Zo@ZZ..............
...#.#........†..)..#............
.................................
...#.............................
#..........)....................#
.#...........................<...
...............................##
.##.##.##.#.#...#...#..#.#.######
############################


You could see 3 orc knights, 2 orc high priests, a kobold blastminer, 2 smoke
demons, an orc sorcerer (strong), a chaos spawn (summoned), an orc priest
(strong), an orc wizard (strong), a friendly spectral kobold blastminer, a
friendly orc warrior zombie, a friendly orc sorcerer zombie, a friendly troll
zombie and a friendly kobold blastminer zombie.

Vanquished Creatures
  Gastronok (D:12)
  An ettin (Orc:2)
  2 hydras (Lair:5)
  2 two-headed ogres (D:11)
  Urug (D:11)
  2 orc high priests
  A fire crab (D:11)
  2 skysharks (Lair:3)
  A sea snake (Lair:5)
  Pikel (D:7)
  An orc knight (Orc:1)
  A deep elf pyromancer (D:12)
  2 orc sorcerers (Orc:2)
  A cyclops (D:12)
  2 manticores
  7 elephants
  3 cane toads
  6 kobold blastminers
  Joseph (D:7)
  A torpor snail (Lair:5)
  5 rime drakes
  4 komodo dragons
  2 unseen horror zombies (D:9)
  Jeremiah (D:8)
  A troll (D:11)
  A polar bear (Lair:5)
  A queen bee (Lair:3)
  8 blink frogs
  A dream sheep (Lair:3)
  11 wyverns
  A shadow (D:10)
  A vampire (D:10)
  2 fire elementals
  5 steam dragons
  48 yaks
  4 basilisks
  A warg (Orc:1)
  2 vampire mosquitoes (D:12)
  An acid dragon (D:10)
  2 hell hounds (D:12)
  18 water moccasins
  9 orc warriors
  A sky beast (D:7)
  A black bear (D:5)
  An ice beast (D:6)
  7 ogres
  2 wolves (D:8)
  2 crocodiles (Sewer)
  2 centaurs (D:6)
  2 lemures (D:7)
  A weeping skull (Ossuary)
  A kobold brigand (D:9)
  18 bullfrogs
  A gnoll sergeant (D:6)
  4 scorpions
  7 wights
  2 burial acolytes (Ossuary)
  27 killer bees
  6 howler monkeys
  2 bombardier beetles
  6 hounds (D:5)
  11 orc priests
  3 centaur zombies
  4 jellies
  3 iguanas
  14 orc wizards
  5 hell rats
  A sickly merfolk siren (Sewer)
  A malarious merfolk avatar (Sewer)
  5 hound zombies (Ossuary)
  2 mummies (Ossuary)
  9 gnolls
  8 adders
  3 river rats (Sewer)
  A white imp (D:8)
  2 ufetubi (D:6)
  A dart slug (D:5)
  3 ribbon worms
  52 orcs
  6 ball pythons
  6 bats
  8 endoplasms
  A giant cockroach (Sewer)
  4 gnoll zombies (Ossuary)
  A goblin (D:2)
  5 hobgoblins
  10 jackals
  7 kobolds
  10 quokkas
  6 frilled lizards
  4 orc zombies (Ossuary)
  10 rats
467 creatures vanquished.

Vanquished Creatures (collateral kills)
  4 hydras
  The ghost of Tollund the Thaumaturge, a journeyman DESu of Sif Muna (Lair:2)
  A merfolk avatar (Lair:5)
  2 skysharks
  A sea snake (Lair:5)
  A lindwurm (Lair:3)
  An orc sorcerer (Orc:2)
  A harpy (Lair:5)
  A cyclops (D:11)
  3 manticores
  4 elephants (Lair:4)
  3 kobold blastminers (Orc:2)
  A gargoyle (D:12)
  3 rime drakes
  2 cane toads
  An unseen horror zombie (D:9)
  Maggie (D:7)
  4 komodo dragons
  A wind drake (Lair:5)
  A hornet (D:9)
  6 blink frogs
  4 dream sheep (Lair:3)
  2 snapping turtles (Lair:5)
  4 slime creatures (D:12)
  2 wyverns
  Grum (D:8)
  5 fire elementals
  5 basilisks
  26 yaks
  2 vampire mosquitoes (D:12)
  2 steam dragons
  2 wargs
  6 water moccasins
  A hell hound (Lair:5)
  5 orc warriors
  3 ogres
  A wolf (Lair:3)
  A wyvern zombie (D:9)
  A gnoll sergeant (D:8)
  4 wights
  9 killer bees
  2 howler monkeys (D:9)
  A lava snake (Lair:5)
  2 centaur zombies (D:9)
  5 orc priests
  An iguana (D:6)
  A sleepcap (D:7)
  4 orc wizards
  5 hell rats
  A howler monkey zombie (D:9)
  4 gnolls
  2 river rats (Lair:3)
  2 adders
  A white imp (D:7)
  26 orcs
  A giant cockroach (Sewer)
  A quokka (D:5)
  A frilled lizard (D:1)
  A rat (Sewer)
190 creatures vanquished.

Vanquished Creatures (others)
  An orc warlord (Orc:1)
  Azrael (D:12)
  2 skysharks (Lair:3)
  A manticore (Lair:3)
  A rime drake (Lair:5)
  A troll (Orc:2)
  3 blink frogs
  A snapping turtle (Lair:5)
  A slime creature (D:12)
  7 yaks
  A wyvern (Lair:5)
  A skyshark zombie (Lair:5)
  A water moccasin (Lair:3)
  A cane toad zombie (Lair:5)
  8 orc warriors
  A hornet zombie (D:9)
  A blink frog zombie (Lair:3)
  An ogre (Orc:2)
  2 rime drake zombies (Lair:5)
  A komodo dragon zombie (Lair:5)
  2 warg zombies
  2 hell hound zombies
  6 wyvern zombies
  2 water moccasin zombies (Lair:5)
  17 yak zombies
  4 killer bees (Lair:3)
  2 basilisk zombies (Lair:5)
  A bullfrog zombie (Lair:2)
  An orc priest (Orc:1)
  2 orc wizards
  18 killer bee zombies (Lair:3)
  4 ogre zombies
  A hound zombie (D:5)
  3 hell rat zombies (Lair:5)
  2 steam dragon zombies (Lair:5)
  2 orcs
  8 gnoll zombies
  3 kobold zombies
  44 orc zombies
  A river rat zombie (Lair:3)
162 creatures vanquished.

Grand Total: 819 creatures vanquished

Notes
Turn   | Place    | Note
-------+----------+-------------------------------------------
     0 | D:1      | octoduck the Gnoll Necromancer began the quest for the Orb.
     0 | D:1      | Reached XP level 1. HP: 13/13 MP: 6/6
   334 | D:1      | Reached XP level 2. HP: 19/19 MP: 2/7
   690 | D:1      | Found a faded altar of an unknown god.
  1136 | D:2      | Reached skill level 5 in Spellcasting
  1136 | D:2      | Reached XP level 3. HP: 23/25 MP: 3/9
  1147 | D:2      | Learned a level 3 spell: Vampiric Draining
  1422 | D:2      | Identified the +5 rapier of Gaolies {flame, rElec rN+}
  1485 | D:2      | Reached skill level 1 in Invocations
  1745 | D:3      | Found an ornate altar of the Wu Jian Council.
  1758 | D:3      | Reached skill level 1 in Fighting
  1758 | D:3      | Reached skill level 1 in Short Blades
  1758 | D:3      | Reached skill level 1 in Long Blades
  1758 | D:3      | Reached skill level 1 in Axes
  1758 | D:3      | Reached skill level 1 in Maces & Flails
  1758 | D:3      | Reached skill level 1 in Polearms
  1758 | D:3      | Reached skill level 1 in Staves
  1758 | D:3      | Reached skill level 1 in Ranged Weapons
  1758 | D:3      | Reached skill level 1 in Throwing
  1758 | D:3      | Reached skill level 1 in Armour
  1758 | D:3      | Reached skill level 1 in Shields
  1758 | D:3      | Reached skill level 1 in Unarmed Combat
  1758 | D:3      | Reached skill level 1 in Evocations
  1762 | D:3      | Reached skill level 1 in Shapeshifting
  1762 | D:3      | Reached XP level 4. HP: 17/32 MP: 1/11
  1999 | D:3      | Reached skill level 1 in Conjurations
  1999 | D:3      | Reached skill level 1 in Hexes
  1999 | D:3      | Reached skill level 1 in Summonings
  1999 | D:3      | Reached skill level 1 in Translocations
  1999 | D:3      | Reached skill level 1 in Fire Magic
  1999 | D:3      | Reached skill level 1 in Ice Magic
  1999 | D:3      | Reached skill level 1 in Air Magic
  1999 | D:3      | Reached skill level 1 in Earth Magic
  1999 | D:3      | Reached skill level 1 in Alchemy
  2129 | D:3      | Reached XP level 5. HP: 37/37 MP: 6/12
  3070 | D:4      | Found a glowing drain.
  3074 | Sewer    | Entered a sewer
  3101 | Sewer    | Reached XP level 6. HP: 41/44 MP: 13/13
  3144 | Sewer    | Reached skill level 5 in Dodging
  3412 | Sewer    | Reached XP level 7. HP: 50/50 MP: 13/15
  3450 | Sewer    | Identified the ring "Toumat" {rPois Int+6}
  3827 | D:4      | Reached skill level 5 in Stealth
  3871 | D:4      | Upgraded the game from 0.31-a0-1529-g7bd419a0e5 to
                  | 0.31-a0-1540-g5a0b83f448
  3876 | D:4      | Learned a level 4 spell: Animate Dead
  3879 | D:4      | Learned a level 2 spell: Jinxbite
  4421 | D:5      | Entered Level 5 of the Dungeon
  4510 | D:5      | Found a sand-covered staircase.
  4519 | Ossuary  | Entered an ossuary
  4764 | Ossuary  | Reached XP level 8. HP: 53/58 MP: 16/16
  6576 | D:6      | Reached XP level 9. HP: 65/65 MP: 18/18
  6838 | D:6      | Found a staircase to the Ecumenical Temple.
  6856 | Temple   | Entered the Ecumenical Temple
  6872 | Temple   | Became a worshipper of Kikubaaqudgha
  7636 | D:7      | Learned a level 4 spell: Summon Lightning Spire
  7788 | D:7      | Reached skill level 5 in Invocations
  7801 | D:7      | Noticed Pikel
  7985 | D:7      | Noticed Joseph
  8111 | D:7      | Killed Joseph
  8270 | D:7      | Noticed Maggie
  8278 | D:7      | Killed Maggie
  8550 | D:7      | Reached skill level 5 in Fighting
  8550 | D:7      | Reached skill level 5 in Short Blades
  8550 | D:7      | Reached skill level 5 in Long Blades
  8550 | D:7      | Reached skill level 5 in Axes
  8550 | D:7      | Reached skill level 5 in Maces & Flails
  8550 | D:7      | Reached skill level 5 in Polearms
  8550 | D:7      | Reached skill level 5 in Staves
  8550 | D:7      | Reached skill level 5 in Ranged Weapons
  8550 | D:7      | Reached skill level 5 in Throwing
  8550 | D:7      | Reached skill level 5 in Armour
  8550 | D:7      | Reached skill level 5 in Shields
  8550 | D:7      | Reached skill level 5 in Unarmed Combat
  8550 | D:7      | Reached skill level 5 in Evocations
  8550 | D:7      | Reached XP level 10. HP: 74/74 MP: 20/20
  8719 | D:7      | Killed Pikel
  8926 | D:7      | Reached * piety under Kikubaaqudgha
  8926 | D:7      | Received a gift from Kikubaaqudgha
  9040 | D:7      | Learned a level 3 spell: Fugue of the Fallen
  9491 | D:8      | Noticed Grum
  9505 | D:8      | Reached skill level 5 in Shapeshifting
  9505 | D:8      | Killed Grum
  9734 | D:8      | Noticed Jeremiah
 10431 | D:8      | Killed Jeremiah
 10906 | D:9      | Reached ** piety under Kikubaaqudgha
 10947 | D:9      | Reached skill level 5 in Conjurations
 10947 | D:9      | Reached skill level 5 in Hexes
 10947 | D:9      | Reached skill level 5 in Summonings
 10947 | D:9      | Reached skill level 5 in Translocations
 10947 | D:9      | Reached skill level 5 in Fire Magic
 10947 | D:9      | Reached skill level 5 in Ice Magic
 10947 | D:9      | Reached skill level 5 in Air Magic
 10947 | D:9      | Reached skill level 5 in Earth Magic
 10947 | D:9      | Reached skill level 5 in Alchemy
 10947 | D:9      | Reached XP level 11. HP: 54/81 MP: 21/23
 11262 | D:9      | Found a burning altar of Makhleb.
 11297 | D:9      | Found a runed translucent door.
 11304 | D:9      | Noticed justen's ghost (novice TrSh)
 12194 | D:10     | Entered Level 10 of the Dungeon
 12389 | D:10     | Found a shadowy altar of Dithmenos.
 12394 | D:10     | Found a hide-covered altar of Uskayaw.
 12450 | D:10     | Identified the +1 pair of boots of the Vaults {rN+ Regen+
                  | Str-3 Dex+8}
 12878 | D:10     | Reached *** piety under Kikubaaqudgha
 12878 | D:10     | Received a gift from Kikubaaqudgha
 12885 | D:10     | Learned a level 4 spell: Anguish
 12890 | D:10     | Learned a level 4 spell: Martyr's Knell
 13075 | D:11     | Noticed a two-headed ogre
 13119 | D:11     | Noticed a manticore
 13120 | D:11     | Killed a manticore
 13316 | D:11     | Noticed a two-headed ogre
 13327 | D:11     | Killed a two-headed ogre
 13547 | D:11     | Noticed Urug
 13548 | D:11     | Killed Urug
 13591 | D:11     | Noticed a cyclops
 13596 | D:11     | Reached XP level 12. HP: 84/91 MP: 12/24
 13867 | D:11     | Found Zunidghan's Antique Weapon Shoppe.
 14077 | D:11     | Found a staircase to the Lair.
 14754 | D:11     | Killed a two-headed ogre
 14922 | Lair:1   | Entered Level 1 of the Lair of Beasts
 15702 | Lair:1   | Reached **** piety under Kikubaaqudgha
 16180 | Lair:2   | Learned a level 5 spell: Borgnjor's Vile Clutch
 16204 | Lair:2   | Found a runed translucent gate.
 16204 | Lair:2   | Found a runed translucent gate.
 16205 | Lair:2   | Found a runed translucent gate.
 16205 | Lair:2   | Noticed Tollund's ghost (journeyman DESu)
 16396 | Lair:2   | Noticed a skyshark
 16408 | Lair:2   | Killed a skyshark
 16531 | Lair:2   | Found a staircase to the Snake Pit.
 16574 | Lair:2   | Reached XP level 13. HP: 85/98 MP: 9/26
 16821 | Lair:2   | Killed Tollund's ghost
 17194 | Lair:3   | Reached skill level 10 in Necromancy
 17445 | Lair:3   | Reached ***** piety under Kikubaaqudgha
 17509 | Lair:3   | Got Jivoug's Vellum of Dislocated Bedrock
 17637 | Lair:3   | Found a staircase to the Shoals.
 17650 | Lair:3   | Reached skill level 10 in Spellcasting
 17929 | Lair:3   | Reached skill level 10 in Dodging
 18884 | Lair:4   | Noticed Netol's ghost (journeyman DsEn)
 18885 | Lair:4   | Found a bloodstained altar of Trog.
 18906 | Lair:4   | Reached skill level 10 in Stealth
 19245 | Lair:4   | Found a transporter.
 19249 | Lair:4   | Found a transporter.
 19335 | Lair:4   | Reached XP level 14. HP: 45/108 MP: 5/28
 19338 | Lair:4   | Reached skill level 10 in Invocations
 20239 | Lair:5   | Entered Level 5 of the Lair of Beasts
 20453 | Lair:5   | Found a viscous altar of Jiyva.
 20453 | Lair:5   | Found a staircase to the Slime Pits.
 20566 | Lair:5   | Reached ****** piety under Kikubaaqudgha
 21156 | Lair:5   | Identified the +0 trident of the Living God {drain, rF-
                  | rN++}
 21598 | Lair:5   | Learned a level 6 spell: Death Channel
 21725 | D:12     | Noticed Gastronok
 21910 | D:12     | Noticed Azrael
 22084 | D:12     | Reached skill level 10 in Fighting
 22084 | D:12     | Reached skill level 10 in Short Blades
 22084 | D:12     | Reached skill level 10 in Long Blades
 22084 | D:12     | Reached skill level 10 in Axes
 22084 | D:12     | Reached skill level 10 in Maces & Flails
 22084 | D:12     | Reached skill level 10 in Polearms
 22084 | D:12     | Reached skill level 10 in Staves
 22084 | D:12     | Reached skill level 10 in Ranged Weapons
 22084 | D:12     | Reached skill level 10 in Throwing
 22084 | D:12     | Reached skill level 10 in Armour
 22084 | D:12     | Reached skill level 10 in Shields
 22084 | D:12     | Reached skill level 10 in Unarmed Combat
 22084 | D:12     | Reached skill level 10 in Evocations
 22183 | D:12     | Got the Annotations on Decaying Clay
 22223 | D:12     | Killed Gastronok
 22224 | D:12     | Reached XP level 15. HP: 104/115 MP: 15/30
 22348 | D:12     | Killed Azrael
 22385 | D:12     | Found Muwanuytig's Armour Shoppe.
 22386 | D:12     | Found a staircase to the Orcish Mines.
 22591 | Orc:1    | Entered Level 1 of the Orcish Mines
 22937 | Orc:1    | Noticed an orc warlord
 22949 | Orc:1    | Killed an orc warlord
 23270 | Orc:1    | Learned a level 4 spell: Airstrike
 23271 | Orc:2    | Entered Level 2 of the Orcish Mines
 23610 | Orc:2    | Found a staircase to the Elven Halls.
 23703 | Orc:2    | Found Nunes's Armour Shop.
 23841 | Orc:2    | Paralysed by an orc sorcerer for 3 turns
 23842 | Orc:2    | Mangled by an orc knight

Illustrated notes

Levels and vault maps discovered:
D:1:      wander_arrival_estate, layout_basic,
          shapermc_ecumenical_altar_flowoftime, minmay_misc_feat_hallway
D:2:      layout_basic
D:3:      wad_woods_stonehenge, layout_basic, minmay_misc_feat_columns,
          st_stairs_6
D:4:      layout_loops_corners, gup_sewer_entry_bowl, grunt_decor_resistance
D:5:      minmay_razor_zed, layout_cave_pods, enter_ossuary_3
D:6:      layout_basic, minmay_temple_entry_junction_2
D:7:      layout_cave_pods, st_stairs_1, uniq_pikel, uniq_joseph, uniq_maggie
D:8:      layout_basic, uniq_grum, uniq_jeremiah
D:9:      layout_basic, mainiacjoe_overflow_small_starburst, serial_undead,
          serial_undead_b, serial_undead_c, serial_undead_d, serial_undead_a,
          hellmonk_ghost_happy_afterlife
D:10:     layout_irregular_city, grunt_temple_overflow_open, grunt_ministairs_11
D:11:     layout_loops_corners, minmay_lair_entry_lava, serial_shops,
          nicolae_shop_tiny_glass, uniq_urug
D:12:     layout_basic, orc_david_3, uniq_gastronok, uniq_azrael
Temple:   compressed_dpeg_triangle_lava_temple
Lair:1:   layout_regular_city, lemuel_fruit_tree
Lair:2:   layout_regular_city, dummy_snake_entry, ebering_ghost_rock_garden,
          grunt_megastairs_5
Lair:3:   regret_index_bee_streams, layout_regular_city,
          minmay_shoals_entry_beasts
Lair:4:   layout_layer_cave, gammafunk_ghost_wrathful_warriors
Lair:5:   gammafunk_lair_ancient_temple, layout_gridlike,
          dpeg_slime_entry_enclosed, special_room [special_room_mythical_zoo]
Orc:1:    layout_caves, minmay_orc_temple_c
Orc:2:    st_orc_elflike, layout_caves, regret_index_minedec_devilstone,
          nicolae_orc_lava_room

Skill      XL: |  1  2  3  4  5  6  7  8  9 10 11 12 13 14 15 |
---------------+----------------------------------------------+-----
Spellcasting   | 5 6 7 8 9 10 11 | 11.5
Invocations    | 1 2 3 4 5 6 7 8 9 10 11 | 11.3
Fighting       | 1 2 3 5 6 7 8 9 10 | 10.4
Short Blades   | 1 2 3 5 6 7 8 9 10 | 10.4
Long Blades    | 1 2 3 5 6 7 8 9 10 | 10.4
Axes           | 1 2 3 5 6 7 8 9 10 | 10.4
Maces & Flails | 1 2 3 5 6 7 8 9 10 | 10.4
Polearms       | 1 2 3 5 6 7 8 9 10 | 10.4
Staves         | 1 2 3 5 6 7 8 9 10 | 10.4
Ranged Weapons | 1 2 3 5 6 7 8 9 10 | 10.4
Throwing       | 1 2 3 5 6 7 8 9 10 | 10.4
Armour         | 1 2 3 5 6 7 8 9 10 | 10.4
Shields        | 1 2 3 5 6 7 8 9 10 | 10.4
Unarmed Combat | 1 2 3 5 6 7 8 9 10 | 10.4
Evocations     | 1 2 3 5 6 7 8 9 10 | 10.4
Shapeshifting  | 1 2 3 4 5 6 7 8 9 |  9.6
Conjurations   | 1 2 3 4 5 6 7 8 |  8.8
Hexes          | 1 2 3 4 5 6 7 8 |  8.8
Summonings     | 1 2 3 4 5 6 7 8 |  8.8
Translocations | 1 2 3 4 5 6 7 8 |  8.8
Fire Magic     | 1 2 3 4 5 6 7 8 |  8.8
Ice Magic      | 1 2 3 4 5 6 7 8 |  8.8
Air Magic      | 1 2 3 4 5 6 7 8 |  8.8
Earth Magic    | 1 2 3 4 5 6 7 8 |  8.8
Alchemy        | 1 2 3 4 5 6 7 8 |  8.8
Dodging        | 5 6 7 8 9 10 11 | 11.4
Stealth        | 5 6 7 8 9 10 11 | 11.2
Necromancy     | 8 9 10 11 | 11.3

Action                     |  1- 3 |  4- 6 |  7- 9 | 10-12 | 13-15 || total
---------------------------+-------+-------+-------+-------+-------++-------
  Melee: Dagger            |    29 |       |       |       |       ||    29
         Bite              |     7 |     5 |    28 |    74 |    93 ||   207
         Rapier            |       |    59 |   290 |   510 |   521 ||  1380
         Punch             |       |       |     4 |    35 |    46 ||    85
  Throw: Javelin           |       |       |       |       |     1 ||     1
   Cast: Necrotise         |    40 |    66 |    22 |     1 |       ||   129
         Vampiric Draining |     1 |     5 |     5 |    29 |       ||    40
         Jinxbite          |       |       |    15 |     6 |       ||    21
         Animate Dead      |       |       |     5 |    14 |    13 ||    32
         Summon Lightning  |       |       |     5 |    35 |    12 ||    52
         Fugue of the Fall |       |       |       |    14 |    17 ||    31
         Martyr's Knell    |       |       |       |    14 |    22 ||    36
         Anguish           |       |       |       |    12 |    17 ||    29
         Borgnjor's Vile C |       |       |       |     3 |    92 ||    95
         Death Channel     |       |       |       |       |    12 ||    12
         Airstrike         |       |       |       |       |     2 ||     2
 Invoke: Unearth Wretches  |       |       |       |       |     2 ||     2
  Evoke: Wand              |       |       |       |     8 |     7 ||    15
    Use: Scroll            |     4 |       |     8 |     8 |     5 ||    25
         Potion            |       |       |     1 |     2 |     3 ||     6
   Stab: Sleeping          |       |       |    14 |     8 |     6 ||    28
         Distracted        |       |       |     2 |     7 |    16 ||    25
 Armour: Robe              |     8 |    35 |   105 |       |       ||   148
         Leather armour    |       |       |    66 |       |       ||    66
         Steam dragon scal |       |       |     6 |   374 |   361 ||   741
  Dodge: Dodged            |     8 |    42 |   222 |   471 |   590 ||  1333

Table legend: (Time is in decaauts)
 A = Elapsed time spent in this place.
 B = Non-inter-level travel time spent in this place.
 C = Inter-level travel time spent in this place.
 D = Time resting spent in this place.
 E = Time spent auto-exploring this place.
 F = Levels seen in this place.
 G = Mean time per level.
                   A        B        C        D        E       F      G
               +--------+--------+--------+--------+--------+-----+--------+
         Total |  23747 |  22182 |   1565 |   4293 |  11549 |  22 | 1079.4 |
       Dungeon |  14599 |  13616 |    983 |   2492 |   7990 |  12 | 1216.6 |
        Temple |     32 |      2 |     30 |      0 |      0 |   1 |   32.0 |
          Lair |   6696 |   6236 |    460 |   1238 |   2964 |   5 | 1339.2 |
  Orcish Mines |   1201 |   1109 |     92 |    201 |    332 |   2 |  600.5 |
         Sewer |    666 |    666 |      0 |    230 |    167 |   1 |  666.0 |
       Ossuary |    550 |    550 |      0 |    132 |     95 |   1 |  550.0 |
               +--------+--------+--------+--------+--------+-----+--------+

Top non-repeatable levels by time:
    D:11: 2013 daAuts
  Lair:3: 1764 daAuts
     D:8: 1643 daAuts
     D:7: 1575 daAuts
     D:5: 1471 daAuts
  Lair:4: 1412 daAuts
     D:9: 1349 daAuts
  Lair:5: 1312 daAuts
     D:4: 1180 daAuts
     D:6: 1130 daAuts
  Lair:1: 1108 daAuts
  Lair:2: 1098 daAuts
     D:1: 1082 daAuts
     D:3: 929 daAuts
    D:10: 905 daAuts
